 Dungeon Sprint DCSS version 0.21-a0-538-gd16b88a (webtiles) character file.

31640 Ghella the Ninja (level 13, -1/59 HPs)
             Began as a Spriggan Enchanter on Dec 15, 2017.
             Was the Champion of Dithmenos.
             Slain by Agnes
             ... wielding a +0 lajatang of protection
              (33 damage)
             ... in the Dungeon (Sprint VII: "The Pits").
             The game lasted 00:27:50 (7765 turns).

Ghella the Ninja (Spriggan Enchanter)               Turns: 7765, Time: 00:27:51

Health: -1/59      AC:  6    Str:  4    XL:     13   Next: 27%
Magic:  22/37      EV: 31    Int: 18    God:    Dithmenos [******]
Gold:   22         SH:  0    Dex: 25    Spells: 42/51 levels left

rFire    . . .     SeeInvis +   u - +2 rapier (distort)
rCold    . . .     Gourm    .   (shield restricted)
rNeg     . . .     Faith    .   b - +0 robe
rPois    .         Spirit   .   (helmet restricted)
rElec    .         Reflect  .   v - +0 cloak
rCorr    .         Harm     .   (gloves unavailable)
MR       ++...     NoTele   +   (boots unavailable)
Stlth    ++++++++++             (no amulet)
HPRegen  0.19/turn              a - +3 ring of dexterity
MPRegen  0.25/turn              j - +3 ring of protection

@: wreathed by umbra, studying Short Blades, very quick
A: very small, unfitting armour, horns 1, thin skeletal structure 1, see
invisible, herbivore 3, speed 3, slow metabolism 2, wild magic 1
a: Shadow Step, Shadow Form, Renounce Religion


You were in the Dungeon.
You worshipped Dithmenos.
Dithmenos was exalted by your worship.
You were full.

You visited 1 branch You collected 22 gold pieces.

Inventory:

Hand Weapons
 k - a +2 dagger
 o - a +1 dagger of holy wrath
 q - a +1 dagger of draining
 u - a +2 rapier of distortion (weapon)
Armour
 b - a +0 robe (worn)
 v - a +0 cloak (worn)
Jewellery
 a - a +3 ring of dexterity (left hand)
 j - a +3 ring of protection (right hand)
 B - an uncursed ring of ice
 F - an uncursed ring of fire
Scrolls
 m - 4 scrolls of remove curse
 n - 5 scrolls of amnesia
 w - 5 scrolls of fear
 x - 2 scrolls of enchant weapon
 y - a scroll of fog
 E - a scroll of identify
 G - a scroll of blinking
Potions
 e - 5 potions of curing
 f - 6 potions of heal wounds
 g - 2 potions of haste
 h - 2 potions of magic
 i - 2 potions of berserk rage
 l - 2 potions of invisibility
 r - 2 potions of agility
 s - a potion of might
 t - 2 potions of resistance
 z - a potion of brilliance
 A - a potion of cancellation
 C - 2 potions of lignification
Books
 c - a book of Maledictions

   Spells                             Type                      Level
   a - Corona                         Hexes                        1
   b - Ensorcelled Hibernation        Hexes/Ice                    2
   c - Confuse                        Hexes                        3
   d - Tukima's Dance                 Hexes                        3
   e - Dazzling Spray                 Conjuration/Hexes            3
 D - a manual of Short Blades
Comestibles
 d - 7 bread rations
 p - 35 fruits


   Skills:
 - Level 2.9 Fighting
 + Level 13.1 Short Blades
 + Level 11.0 Dodging
 O Level 27 Stealth
 + Level 19.8 Spellcasting
 + Level 18.7 Hexes
 + Level 9.6 Ice Magic
 + Level 5.1 Invocations


You had 42 spell levels left.
You knew the following spells:

 Your Spells              Type           Power        Failure   Level  Hunger
a - Corona                Hex            #######      1%          1    None
b - Ensorcelled Hibernat  Hex/Ice        ######       1%          2    None
c - Confuse               Hex            #######.     1%          3    None
d - Tukima's Dance        Hex            #######.     1%          3    None


Dungeon Overview and Level Annotations

Branches:
Dungeon (1/1)

Altars:
Ashenzari
Cheibriados
Dithmenos
Elyvilon
Fedhas
Gozag
Hepliaklqana
Kikubaaqudgha
Makhleb
Nemelex Xobeh
Okawaru
Qazlal
Ru
Sif Muna
Trog
Uskayaw
Vehumet
Wu Jian
Xom
Yredelemnul
Zin
The Shining One
Beogh
Jiyva
Lugonu

Annotations:
D Agnes


Innate Abilities, Weirdness & Mutations

You are very small and have problems with some larger weapons.
You are too small for most types of armour.
You have supernaturally acute eyesight. (SInv)
You are a herbivore.
You cover ground extremely quickly.
You need consume almost no food.
You have a pair of small horns on your head.
You have a somewhat thin skeletal structure. (Dex +2, Stealth)
Your spells are a little harder to cast, but a little more powerful.


Message History

Your shadow mimicks your spell!
Agnes resists with almost no effort.
Agnes completely misses you.
Casting: Ensorcelled Hibernation
Confirm with . or Enter, or press ? or * to list all spells.
Aiming: Ensorcelled Hibernation
Press: ? - help, Shift-Dir - straight line, f/p - Agnes
Aim: Agnes, wielding a lajatang of protection and wearing a robe (umbra, chance to defeat MR: 11%) Agnes resists with almost no effort.
Agnes completely misses you.
Agnes hits you with a lajatang of protection!
Casting: Ensorcelled Hibernation
Confirm with . or Enter, or press ? or * to list all spells.
Aiming: Ensorcelled Hibernation
Press: ? - help, Shift-Dir - straight line, f/p - Agnes
Aim: Agnes, wielding a lajatang of protection and wearing a robe (umbra, chance to defeat MR: 11%) Agnes resists with almost no effort.
Your shadow mimicks your spell!
Agnes resists with almost no effort.
Agnes hits you with a lajatang of protection!!
Ouch! That really hurt!
You die...

#####################
....................+
....................+
..################..#
..# #5#(#.#§#.#..#
..# #i#§#§#[##..# ..#
#(#§#§#§#@#..# ..#
#.#"#§#§#i#'..# #++#
..# #F#W#§#§#§#.#..#
#...
..################..#
#..)
....................#
#))#
....................#
#.)#
#########''##########
#..#
#########''##########
#.)#
................##..#
#..#


You could see Agnes.

Vanquished Creatures
  A sphinx (D)
  An orc warlord (D)
  A ghost moth (D)
  A stone giant (D)
  A minotaur (D)
  Josephine (D)
  A hydra (D)
  A vault guard (D)
  A death knight (D)
  2 two-headed ogres (D)
  2 death yaks (D)
  A fire crab (D)
  4 unseen horrors (D)
  A sea snake (D)
  A naga ritualist (D)
  A swamp dragon (D)
  A deep troll (D)
  A lindwurm (D)
  11 orc knights (D)
  A deep elf mage (D)
  An orc sorcerer (D)
  2 ugly things (D)
  2 wolf spiders (D)
  A molten gargoyle (D)
  2 spiny frogs (D)
  An eye of devastation (D)
  A gargoyle (D)
  An efreet (D)
  A freezing wraith (D)
  A merfolk (D)
  An ice devil (D)
  A red devil (D)
  A wandering mushroom (D)
  A polar bear (D)
  A snapping turtle (D)
  A spriggan (D)
  A fire bat (D)
  5 wraiths (D)
  A hungry ghost (D)
  Menkaure (D)
  A warg (D)
  2 nagas (D)
  An acid dragon (D)
  4 hell hounds (D)
  A water moccasin (D)
  A necrophage (D)
  An ogre (D)
  3 orc warriors (D)
  A wolf (D)
  An eye of draining (D)
  A centaur (D)
  3 big kobolds (D)
  A gnoll sergeant (D)
  11 killer bees (D)
  A quasit (D)
  An orc priest (D)
  An orc wizard (D)
  Jessica (D)
  2 worker ants (D)
  5 gnolls (D)
  A river rat (D)
  An ooze (D)
  An adder zombie (D)
  3 leopard geckos (D)
  7 orcs (D)
  A bat skeleton (D)
  A goblin (D)
  6 jackals (D)
  2 frilled lizards (D)
  A giant cockroach simulacrum (D)
  A jackal zombie (D)
  A kobold (D)
  2 rats (D)
133 creatures vanquished.

Vanquished Creatures (collateral kills)
  A troll (D)
  An orc (D)
2 creatures vanquished.

Vanquished Creatures (others)
  A deep elf annihilator (D)
  A death yak (D)
  An ice devil (D)
  A floating eye (D)
  A bat (D)
5 creatures vanquished.

Grand Total: 140 creatures vanquished

Notes
Turn   | Place    | Note
-------+----------+-------------------------------------------
     0 | D        | Ghella the Spriggan Enchanter began the quest for the Orb.
     0 | D        | Reached XP level 1. HP: 9/9 MP: 5/5
   103 | D        | Found a bloodstained altar of Trog.
   103 | D        | Found a deep blue altar of Sif Muna.
   103 | D        | Found a viscous altar of Jiyva.
   103 | D        | Found a hazy altar of Hepliaklqana.
   103 | D        | Found an opulent altar of Gozag.
   104 | D        | Found a glowing golden altar of the Shining One.
   104 | D        | Found a glowing silver altar of Zin.
   104 | D        | Found a basalt altar of Yredelemnul.
   104 | D        | Found a shimmering altar of Xom.
   104 | D        | Found an ornate altar of the Wu Jian Council.
   104 | D        | Found a sacrificial altar of Ru.
   104 | D        | Found a stormy altar of Qazlal.
   104 | D        | Found an iron altar of Okawaru.
   104 | D        | Found a sparkling altar of Nemelex Xobeh.
   104 | D        | Found a burning altar of Makhleb.
   104 | D        | Found a blossoming altar of Fedhas.
   104 | D        | Found a white marble altar of Elyvilon.
   104 | D        | Found a shadowy altar of Dithmenos.
   104 | D        | Found a snail-covered altar of Cheibriados.
   106 | D        | Found a radiant altar of Vehumet.
   106 | D        | Found a corrupted altar of Lugonu.
   106 | D        | Found a roughly hewn altar of Beogh.
   107 | D        | Found a hide-covered altar of Uskayaw.
   107 | D        | Found an ancient bone altar of Kikubaaqudgha.
   107 | D        | Found a shattered altar of Ashenzari.
   114 | D        | Became a worshipper of Dithmenos the Shadowed
   161 | D        | Reached skill level 5 in Stealth
   168 | D        | Reached skill level 6 in Stealth
   173 | D        | Reached * piety under Dithmenos
   371 | D        | Reached ** piety under Dithmenos
   508 | D        | Reached skill level 7 in Stealth
   508 | D        | Reached XP level 2. HP: 13/13 MP: 7/7
   525 | D        | Learned a level 2 spell: Ensorcelled Hibernation
   552 | D        | Reached skill level 8 in Stealth
   552 | D        | Reached XP level 3. HP: 16/16 MP: 2/8
   708 | D        | Reached *** piety under Dithmenos
   708 | D        | Reached skill level 5 in Hexes
   710 | D        | Reached skill level 9 in Stealth
   764 | D        | Noticed a hungry ghost
   766 | D        | Reached skill level 10 in Stealth
   767 | D        | Noticed a gnoll sergeant
   767 | D        | Noticed an ogre
   768 | D        | Noticed a fire bat
   769 | D        | Killed a gnoll sergeant
   769 | D        | Reached skill level 11 in Stealth
   769 | D        | Reached XP level 4. HP: 21/21 MP: 6/11
   770 | D        | Noticed a necrophage
   771 | D        | Killed a fire bat
   771 | D        | Reached skill level 5 in Dodging
   771 | D        | Reached skill level 14 in Stealth
   771 | D        | Reached skill level 1 in Ice Magic
   771 | D        | Reached XP level 5. HP: 25/25 MP: 2/12
   771 | D        | Reached XP level 6. HP: 29/29 MP: 2/13
   966 | D        | Learned a level 3 spell: Confuse
   967 | D        | Reached **** piety under Dithmenos
   967 | D        | Reached skill level 15 in Stealth
   967 | D        | Reached skill level 5 in Spellcasting
   967 | D        | Reached skill level 1 in Invocations
  1075 | D        | Reached skill level 16 in Stealth
  1127 | D        | Reached skill level 17 in Stealth
  1218 | D        | Killed a hungry ghost
  1218 | D        | Reached skill level 1 in Fighting
  1218 | D        | Reached XP level 7. HP: 33/33 MP: 8/17
  1444 | D        | Noticed Jessica
  1446 | D        | Killed Jessica
  1454 | D        | Reached skill level 18 in Stealth
  1460 | D        | Reached ***** piety under Dithmenos
  1620 | D        | Noticed Menkaure
  1620 | D        | Noticed an unseen horror
  1622 | D        | Killed Menkaure
  1910 | D        | Killed an unseen horror
  1910 | D        | Reached skill level 5 in Short Blades
  1910 | D        | Reached skill level 19 in Stealth
  1910 | D        | Reached XP level 8. HP: 21/37 MP: 12/21
  2121 | D        | Reached skill level 20 in Stealth
  2224 | D        | Reached ****** piety under Dithmenos
  2235 | D        | Found the +8 mithril axe "Arga" {speed, MR+}
  2390 | D        | Noticed a molten gargoyle
  2390 | D        | Noticed a four-headed hydra
  2391 | D        | Killed a four-headed hydra
  2391 | D        | Reached skill level 21 in Stealth
  2391 | D        | Reached skill level 10 in Hexes
  2391 | D        | Reached XP level 9. HP: 42/42 MP: 18/23
  2392 | D        | Killed a molten gargoyle
  2393 | D        | Reached skill level 22 in Stealth
  2401 | D        | Noticed an unseen horror
  2439 | D        | Killed an unseen horror
  2439 | D        | Reached skill level 10 in Spellcasting
  2677 | D        | Noticed a troll
  2677 | D        | Noticed Maurice
  2678 | D        | Noticed an orc knight
  2678 | D        | Noticed an orc sorcerer
  2679 | D        | Noticed an unseen horror
  2682 | D        | Killed a troll
  2682 | D        | Reached skill level 23 in Stealth
  2690 | D        | Noticed an orc knight
  2705 | D        | Killed an unseen horror
  2705 | D        | Reached skill level 5 in Ice Magic
  2705 | D        | Reached XP level 10. HP: 29/47 MP: 15/25
  2977 | D        | Banished Maurice
  3109 | D        | Killed an orc knight
  3109 | D        | Reached skill level 24 in Stealth
  3149 | D        | Killed an orc sorcerer
  3506 | D        | Killed an orc knight
  3536 | D        | Noticed a death yak
  3539 | D        | Killed a death yak
  3563 | D        | Noticed a two-headed ogre
  3566 | D        | Reached skill level 25 in Stealth
  3568 | D        | Killed a two-headed ogre
  3568 | D        | Reached XP level 11. HP: 49/51 MP: 3/28
  3705 | D        | Noticed a death yak
  3705 | D        | Noticed a lindwurm
  3720 | D        | Noticed a two-headed ogre
  3722 | D        | Killed a two-headed ogre
  3816 | D        | Noticed a death yak
  3823 | D        | Paralysed by a floating eye for 2 turns
  3857 | D        | Reached skill level 26 in Stealth
  3861 | D        | Noticed a death yak
  4321 | D        | Banished a death yak
  4361 | D        | Killed a lindwurm
  4394 | D        | Killed a death yak
  4637 | D        | Gained mutation: Your spells are a little harder to cast, but a little more powerful. [potion of mutation]
  4637 | D        | Gained mutation: You have a pair of small horns on your head. [potion of mutation]
  4637 | D        | Gained mutation: You have a somewhat thin skeletal structure. (Dex +2, Stealth) [potion of mutation]
  4753 | D        | Noticed an unseen horror
  4761 | D        | Killed an unseen horror
  4768 | D        | Noticed a fire crab
  4769 | D        | Reached skill level 27 in Stealth
  4772 | D        | Killed a fire crab
  4911 | D        | Noticed Josephine
  4913 | D        | Noticed a naga warrior
  4913 | D        | Noticed a naga ritualist
  4917 | D        | Killed Josephine
  5343 | D        | Reached skill level 10 in Short Blades
  5343 | D        | Reached skill level 15 in Spellcasting
  5426 | D        | Killed a naga ritualist
  5710 | D        | Noticed a death knight
  5713 | D        | Killed a death knight
  5713 | D        | Reached XP level 12. HP: 56/56 MP: 27/32
  5722 | D        | Noticed a merfolk avatar
  5745 | D        | Reached skill level 10 in Dodging
  5920 | D        | Noticed a minotaur
  5926 | D        | Noticed a deep elf annihilator
  5927 | D        | Reached skill level 15 in Hexes
  5929 | D        | Noticed a deep elf sorcerer
  5929 | D        | Killed a minotaur
  6129 | D        | Noticed a black draconian knight
  6130 | D        | Noticed a green draconian
  6133 | D        | Noticed a deep elf annihilator
  6133 | D        | Noticed a white draconian
  6330 | D        | Noticed a sphinx
  6335 | D        | Killed a sphinx
  6358 | D        | Noticed a vampire mage
  6426 | D        | Noticed a deep elf high priest
  6617 | D        | Noticed a purple draconian knight
  6640 | D        | Noticed a ghost moth
  6642 | D        | Killed a ghost moth
  6643 | D        | Noticed an orc warlord
  6643 | D        | Noticed an orc warlord
  6645 | D        | Noticed a vault guard
  6646 | D        | Noticed a deep elf sorcerer
  6686 | D        | Killed a vault guard
  6802 | D        | Killed an orc warlord
  7072 | D        | Learned a level 3 spell: Tukima's Dance
  7141 | D        | Banished a deep elf annihilator
  7414 | D        | Reached XP level 13. HP: 59/59 MP: 31/36
  7428 | D        | Reached skill level 5 in Invocations
  7746 | D        | Noticed a stone giant
  7749 | D        | Killed a stone giant
  7750 | D        | Noticed Agnes
  7754 | D        | Noticed an eidolon
  7765 | D        | Slain by Agnes

Vault maps used:
D:        pitsprint

Skill      XL: |  1  2  3  4  5  6  7  8  9 10 11 12 13 |
---------------+----------------------------------------+-----
Stealth        | 7 8 11 14 17 19 21 23 25 27 | 27.0
Hexes          | 4 6 7 9 10 12 14 17 18 | 18.7
Spellcasting   | 3 4 6 8 9 10 12 15 18 19 | 19.8
Short Blades   | 2 3 4 5 6 7 10 12 13 | 13.1
Dodging        | 4 5 6 7 8 9 10 11 | 11.0
Ice Magic      | 1 3 4 5 6 7 9 |  9.6
Invocations    | 1 2 4 5 |  5.1
Fighting       | 1 2 |  2.9

Action                   |  1- 3 |  4- 6 |  7- 9 | 10-12 | 13-15 || total
-------------------------+-------+-------+-------+-------+-------++-------
Melee: Dagger            |    34 |    27 |    22 |       |       ||    83
       Rapier            |       |       |    13 |   156 |    26 ||   195
       Headbutt          |       |       |       |    13 |     7 ||    20
 Cast: Ensorcelled Hiber |     3 |     3 |    29 |    90 |    15 ||   140
       Confuse           |       |     8 |       |    43 |     3 ||    54
       Tukima's Dance    |       |       |       |     8 |       ||     8
Invok: Shadow Step       |     1 |     1 |     5 |    22 |     1 ||    30
  Use: Potion            |     1 |     1 |     3 |    12 |       ||    17
       Scroll            |       |       |     2 |     1 |       ||     3
 Stab: Sleeping          |     8 |     3 |    24 |    54 |    12 ||   101
       Confused          |       |     2 |       |    11 |       ||    13
       Distracted        |       |       |       |     1 |       ||     1
  Eat: Fruit             |       |       |     6 |       |       ||     6
       Bread ration      |       |       |       |     1 |       ||     1
Armor: Robe              |     3 |     2 |     8 |     3 |       ||    16
Dodge: Dodged            |    27 |    11 |   118 |   107 |    34 ||   297

Table legend:
 A = Spawn XP
 B = Non-spawn XP
 C = Spawn XP percentage of total XP
 D = Spawn monster count
 E = Non-spawn monster count
 F = Spawn count percentage of total count
 G = Total turns spent on level
                    A         B        C        D         E        F      G
               +---------+---------+-------+---------+---------+-------+---------
         Total |       0 |   45200 |   0.0 |       0 |     139 |   0.0 |  7765
               +---------+---------+-------+---------+---------+-------+---------
             D |       0 |   45200 |   0.0 |       0 |     139 |   0.0 |  7765
               +---------+---------+-------+---------+---------+-------+---------
